TOP OF THE 1ST |
Cleveland Indians batting - Pitching for Detroit Tigers : RHP Jacob deGrom
|
Pitching: RHP Jacob deGrom
|
|
Batting: SHB Jose Ramirez
|
0-0: Ball 1-0: SINGLE (Groundball, 4MD, EV 105.0 MPH)
|
Batting: RHB Marcus Semien
|
0-0: Ball Jose Ramirez is caught stealing 2nd base 2-4 1-0: Ball 2-0: Ground out 5-3 (Groundball, 56S, EV 79.4 MPH)
|
Batting: LHB Christian Yelich
|
0-0: Foul Ball, location: 2F 0-1: Ball 1-1: Swinging Strike 1-2: Strikes out looking
|
Top of the 1st over - 0 runs, 1 hit, 0 errors, 0 left on base; Cleveland 0 - Detroit 0 |
BOTTOM OF THE 1ST |
Detroit Tigers batting - Pitching for Cleveland Indians : RHP Kenta Maeda
|
Pitching: RHP Kenta Maeda
|
|
Batting: RHB Jean Segura
|
0-0: Bunt for hit to 13S - play at first, batter OUT! 1-3
|
Batting: RHB Starling Marte
|
0-0: Called Strike 0-1: Ball 1-1: Fly out, F6 (Popup, 6, EV 68.1 MPH)
|
Batting: LHB Corey Dickerson
|
0-0: Foul Ball, location: 2F 0-1: Foul Ball, location: 2F 0-2: Ball 1-2: Foul Ball, location: 2F 1-2: Strikes out swinging
|
Bottom of the 1st over - 0 runs, 0 hits, 0 errors, 0 left on base; Cleveland 0 - Detroit 0 |
TOP OF THE 2ND |
Cleveland Indians batting - Pitching for Detroit Tigers : RHP Jacob deGrom
|
Batting: LHB Rafael Devers
|
0-0: Ball 1-0: Called Strike 1-1: Ground out 6-3 (Groundball, 6M, EV 103.1 MPH)
|
Batting: RHB Josh Donaldson
|
0-0: Called Strike 0-1: Foul Ball, location: 2F 0-2: Strikes out swinging
|
Batting: LHB Matt Carpenter
|
0-0: Swinging Strike 0-1: Swinging Strike 0-2: Foul Ball, location: 2F 0-2: Ball 1-2: Ball 2-2: Ball 3-2: Foul Ball, location: 2F 3-2: Strikes out swinging
|
Top of the 2nd over - 0 runs, 0 hits, 0 errors, 0 left on base; Cleveland 0 - Detroit 0 |
BOTTOM OF THE 2ND |
Detroit Tigers batting - Pitching for Cleveland Indians : RHP Kenta Maeda
|
Batting: RHB George Springer
|
0-0: Foul Ball, location: 2F 0-1: Called Strike 0-2: Ground out 5-3 (Groundball, 56, EV 86.3 MPH)
|
Batting: RHB Jose Abreu
|
0-0: Called Strike 0-1: Ball 1-1: Ball 2-1: Swinging Strike 2-2: Ball 3-2: Base on Balls
|
Batting: RHB Khris Davis
|
0-0: Called Strike 0-1: Ball 1-1: Called Strike 1-2: Ball 2-2: Strikes out swinging
|
Batting: RHB J.T. Realmuto
|
0-0: Ball 1-0: Ball 2-0: DOUBLE (Flyball, 89D, EV 99.4 MPH) Jose Abreu to third
|
Batting: RHB Nick Madrigal
|
0-0: Ball 1-0: Ball 2-0: Called Strike 2-1: Ball 3-1: Base on Balls
|
Batting: RHB Sheldon Neuse
|
0-0: Foul Ball, location: 2F 0-1: Fly out, F7 (Flyball, 78D, EV 95.0 MPH)
|
Bottom of the 2nd over - 0 runs, 1 hit, 0 errors, 3 left on base; Cleveland 0 - Detroit 0 |
TOP OF THE 3RD |
Cleveland Indians batting - Pitching for Detroit Tigers : RHP Jacob deGrom
|
Batting: RHB Kevin Pillar
|
0-0: Ball 1-0: Foul Ball, location: 2F 1-1: Swinging Strike 1-2: SOLO HOME RUN (Flyball, 7D, EV 106.3 MPH), Distance : 403 ft
|
Batting: LHB Kole Calhoun
|
0-0: Ball 1-0: Ground out 6-3 (Groundball, 4MS, EV 81.3 MPH)
|
Batting: RHB Mitch Garver
|
0-0: Ball 1-0: Foul Ball, location: 2F 1-1: Swinging Strike 1-2: Strikes out looking
|
Batting: SHB Jose Ramirez
|
0-0: Ground out 4-3 (Groundball, 4, EV 100.0 MPH)
|
Top of the 3rd over - 1 run, 1 hit, 0 errors, 0 left on base; Cleveland 1 - Detroit 0 |
BOTTOM OF THE 3RD |
Detroit Tigers batting - Pitching for Cleveland Indians : RHP Kenta Maeda
|
Batting: RHB Jean Segura
|
0-0: Ball 1-0: Called Strike 1-1: Foul Ball, location: 2F 1-2: Ball 2-2: Strikes out swinging
|
Batting: RHB Starling Marte
|
0-0: Called Strike 0-1: Swinging Strike 0-2: Ball 1-2: Fly out, F8 (Line Drive, 8RD, EV 90.0 MPH)
|
Batting: LHB Corey Dickerson
|
0-0: Called Strike 0-1: Foul Ball, location: 2F 0-2: Ball 1-2: Ground out 5-3 (Groundball, 56, EV 81.3 MPH)
|
Bottom of the 3rd over - 0 runs, 0 hits, 0 errors, 0 left on base; Cleveland 1 - Detroit 0 |
TOP OF THE 4TH |
Cleveland Indians batting - Pitching for Detroit Tigers : RHP Jacob deGrom
|
Batting: RHB Marcus Semien
|
0-0: Ball 1-0: Foul Ball, location: 2F 1-1: Ball 2-1: Foul Ball, location: 2F 2-2: DOUBLE (Groundball, 5L, EV 101.3 MPH)
|
Batting: LHB Christian Yelich
|
0-0: Ball 1-0: Ball 2-0: SINGLE (Line Drive, 7S, EV 103.8 MPH) Marcus Semien to third
|
Batting: LHB Rafael Devers
|
0-0: Called Strike 0-1: Ball 1-1: Foul Ball, location: 2F 1-2: Ball 2-2: Foul Ball, location: 2F 2-2: Ball 3-2: SINGLE (Flyball, 8LS, EV 99.4 MPH) Marcus Semien scores Christian Yelich to second
|
Batting: RHB Josh Donaldson
|
0-0: Foul Ball, location: 2F 0-1: Called Strike 0-2: Ball 1-2: Ball 2-2: Ball 3-2: Base on Balls Christian Yelich to third Rafael Devers to second
|
Batting: LHB Matt Carpenter
|
0-0: Ball 1-0: Called Strike 1-1: Ball 2-1: Fly out, F8 (Flyball, 8RD, EV 94.4 MPH) Runner from 3rd tags up, SCORES, throw by CF Rafael Devers to third
|
Batting: RHB Kevin Pillar
|
0-0: Called Strike Josh Donaldson is caught stealing 2nd base 2-4 0-1: Ball 1-1: Fly out, F4 (Flyball, 4D, EV 93.8 MPH)
|
Top of the 4th over - 2 runs, 3 hits, 0 errors, 1 left on base; Cleveland 3 - Detroit 0 |
BOTTOM OF THE 4TH |
Detroit Tigers batting - Pitching for Cleveland Indians : RHP Kenta Maeda
|
Batting: RHB George Springer
|
0-0: Fly out, F4 (Flyball, 4MD, EV 88.8 MPH)
|
Batting: RHB Jose Abreu
|
0-0: Ball 1-0: Ball 2-0: Ball 3-0: Foul Ball, location: 2F 3-1: Base on Balls
|
Batting: RHB Khris Davis
|
0-0: Ball 1-0: Ball 2-0: Foul Ball, location: 2F 2-1: Foul Ball, location: 2F 2-2: Grounds into double play, 6-4-3 (Groundball, 6, EV 81.9 MPH)
|
Bottom of the 4th over - 0 runs, 0 hits, 0 errors, 0 left on base; Cleveland 3 - Detroit 0 |
TOP OF THE 5TH |
Cleveland Indians batting - Pitching for Detroit Tigers : RHP Jacob deGrom
|
Batting: LHB Kole Calhoun
|
0-0: Ball 1-0: Called Strike 1-1: Ball 2-1: Called Strike 2-2: Ball 3-2: Foul Ball, location: 2F 3-2: DOUBLE (Line Drive, 78M, EV 111.3 MPH)
|
Batting: RHB Mitch Garver
|
0-0: Ball 1-0: Fly out, F5 (Flyball, 5D, EV 79.4 MPH)
|
Batting: SHB Jose Ramirez
|
0-0: Ball 1-0: Called Strike 1-1: Foul Ball, location: 2F 1-2: Ball Wild Pitch! Kole Calhoun to third 2-2: Foul Ball, location: 2F 2-2: Ball 3-2: Fly out, F8 (Flyball, 8LD, EV 100.0 MPH)
|
Batting: RHB Marcus Semien
|
0-0: Ball 1-0: Swinging Strike 1-1: Foul Ball, location: 2F 1-2: Foul Ball, location: 2F 1-2: DOUBLE (Flyball, 89D, EV 92.5 MPH) Kole Calhoun scores
|
Batting: LHB Christian Yelich
|
0-0: Ball 1-0: Foul Ball, location: 2F 1-1: Ball 2-1: Foul Ball, location: 2F 2-2: SINGLE (Line Drive, 7S, EV 105.6 MPH) Marcus Semien to third Runner from 3rd tries for Home, throw by LF and OUT! 7-2
|
Top of the 5th over - 1 run, 3 hits, 0 errors, 1 left on base; Cleveland 4 - Detroit 0 |
BOTTOM OF THE 5TH |
Detroit Tigers batting - Pitching for Cleveland Indians : RHP Kenta Maeda
|
Batting: RHB J.T. Realmuto
|
0-0: Fly out, F4 (Flyball, 4MD, EV 79.4 MPH)
|
Batting: RHB Nick Madrigal
|
0-0: Ball 1-0: Foul Ball, location: 2F 1-1: Ground out 6-3 (Groundball, 6, EV 103.1 MPH)
|
Batting: RHB Sheldon Neuse
|
0-0: Called Strike 0-1: Fly out, F9 (Line Drive, 9, EV 85.6 MPH)
|
Bottom of the 5th over - 0 runs, 0 hits, 0 errors, 0 left on base; Cleveland 4 - Detroit 0 |
TOP OF THE 6TH |
Cleveland Indians batting - Pitching for Detroit Tigers : RHP Jacob deGrom
|
Pitching: RHP Kyle Gibson
|
|
Batting: LHB Rafael Devers
|
0-0: Fly out, F8 (Flyball, 8RM, EV 96.3 MPH)
|
Batting: RHB Josh Donaldson
|
0-0: SINGLE (Line Drive, 78S, EV 111.3 MPH)
|
Batting: LHB Matt Carpenter
|
0-0: Ball 1-0: Called Strike 1-1: Called Strike 1-2: Ball 2-2: Foul Ball, location: 2F 2-2: DOUBLE (Flyball, 8RXD, EV 109.4 MPH) Josh Donaldson to third Runner from 3rd tries for Home, SAFE, no throw by CF
|
Batting: RHB Kevin Pillar
|
0-0: Ground out 6-3 (Groundball, 6MS, EV 83.8 MPH) Matt Carpenter to third
|
Batting: LHB Kole Calhoun
|
0-0: Swinging Strike 0-1: Ball 1-1: Ball 2-1: Ball 3-1: Base on Balls
|
Batting: RHB Mitch Garver
|
0-0: Ball 1-0: Swinging Strike 1-1: Ball 2-1: Swinging Strike 2-2: Fly out, F9 (Flyball, 9LS, EV 87.5 MPH)
|
Top of the 6th over - 1 run, 2 hits, 0 errors, 2 left on base; Cleveland 5 - Detroit 0 |
BOTTOM OF THE 6TH |
Detroit Tigers batting - Pitching for Cleveland Indians : RHP Kenta Maeda
|
Batting: RHB Jean Segura
|
0-0: Ball 1-0: Ball 2-0: Ball 3-0: Called Strike 3-1: Base on Balls
|
Batting: RHB Starling Marte
|
0-0: Swinging Strike 0-1: Ball 1-1: SINGLE (Groundball, 4MD, EV 98.1 MPH) Jean Segura to second
|
Batting: LHB Corey Dickerson
|
0-0: Swinging Strike 0-1: Ball 1-1: Ball 2-1: SINGLE (Line Drive, 7LS, EV 101.9 MPH) Jean Segura to third Starling Marte to second Runner from 3rd tries for Home, SAFE, throw by LF to home
|
Batting: RHB George Springer
|
0-0: SINGLE (Line Drive, 6MD, EV 96.3 MPH) Starling Marte to third Corey Dickerson to second Runner from 3rd tries for Home, SAFE, throw by CF to home
|
Batting: RHB Jose Abreu
|
0-0: Ball 1-0: Ball 2-0: Called Strike 2-1: Ball 3-1: Fly out, F7 (Line Drive, 7, EV 87.5 MPH)
|
Batting: RHB Khris Davis
|
0-0: Foul Ball, location: 2F 0-1: Called Strike 0-2: Fly out, F3 (Flyball, 3D, EV 86.9 MPH)
|
Batting: RHB J.T. Realmuto
|
0-0: Foul Ball, location: 2F 0-1: Ball 1-1: Fielders Choice at 2nd, 6-4 (Groundball, 56, EV 80.0 MPH)
|
Bottom of the 6th over - 2 runs, 3 hits, 0 errors, 2 left on base; Cleveland 5 - Detroit 2 |
TOP OF THE 7TH |
Cleveland Indians batting - Pitching for Detroit Tigers : RHP Kyle Gibson
|
Pitching: RHP Austin L. Adams
|
|
Batting: SHB Jose Ramirez
|
0-0: Ball 1-0: Ball 2-0: Ball 3-0: Base on Balls
|
Batting: RHB Marcus Semien
|
0-0: Ball 1-0: Called Strike 1-1: Ball 2-1: Swinging Strike 2-2: Strikes out looking
|
Batting: LHB Christian Yelich
|
0-0: Ball 1-0: Ball 2-0: Called Strike 2-1: Swinging Strike 2-2: Strikes out swinging
|
Batting: LHB Rafael Devers
|
0-0: Foul Ball, location: 2F 0-1: Ball 1-1: Ball 2-1: DOUBLE (Line Drive, 89D, EV 108.1 MPH) Jose Ramirez to third Runner from 3rd tries for Home, SAFE, no throw by CF
|
Batting: RHB Josh Donaldson
|
0-0: Ball 1-0: Swinging Strike 1-1: Foul Ball, location: 2F 1-2: Strikes out swinging
|
Top of the 7th over - 1 run, 1 hit, 0 errors, 1 left on base; Cleveland 6 - Detroit 2 |
BOTTOM OF THE 7TH |
Detroit Tigers batting - Pitching for Cleveland Indians : RHP Kenta Maeda
|
Pitching: RHP Tyler Zuber
|
|
Batting: RHB Nick Madrigal
|
0-0: Ball 1-0: Called Strike 1-1: SINGLE (Flyball, 5D, EV 97.5 MPH)
|
Batting: RHB Sheldon Neuse
|
0-0: Called Strike 0-1: Ball 1-1: Ball 2-1: Ball 3-1: Called Strike 3-2: DOUBLE (Flyball, 78D, EV 95.6 MPH) Nick Madrigal to third
|
Batting: RHB Jean Segura
|
0-0: Ball 1-0: Called Strike 1-1: Ball 2-1: Swinging Strike 2-2: Ball 3-2: Foul Ball, location: 2F 3-2: Strikes out swinging
|
Batting: RHB Starling Marte
|
0-0: Called Strike 0-1: Foul Ball, location: 2F 0-2: Fly out, F9 (Flyball, 89M, EV 81.3 MPH) Runner from 3rd tags up, SCORES, throw by RF Sheldon Neuse to third
|
Batting: LHB Corey Dickerson
|
0-0: Ball 1-0: Ball 2-0: Ground out 6-3 (Groundball, 6, EV 82.5 MPH)
|
Bottom of the 7th over - 1 run, 2 hits, 0 errors, 1 left on base; Cleveland 6 - Detroit 3 |
TOP OF THE 8TH |
Cleveland Indians batting - Pitching for Detroit Tigers : RHP Austin L. Adams
|
Pitching: RHP Ray Black
|
|
Batting: LHB Matt Carpenter
|
0-0: Ground out 4-3 (Groundball, 4, EV 83.8 MPH)
|
Batting: RHB Kevin Pillar
|
0-0: Called Strike 0-1: Ball 1-1: Ball 2-1: Fly out, F8 (Flyball, 89D, EV 90.0 MPH)
|
Batting: LHB Kole Calhoun
|
0-0: Ball 1-0: Foul Ball, location: 2F 1-1: Fly out, F9 (Flyball, 89XD, EV 85.6 MPH)
|
Top of the 8th over - 0 runs, 0 hits, 0 errors, 0 left on base; Cleveland 6 - Detroit 3 |
BOTTOM OF THE 8TH |
Detroit Tigers batting - Pitching for Cleveland Indians : RHP Tyler Zuber
|
Pitching: RHP David Robertson
|
|
Batting: RHB George Springer
|
0-0: Ball 1-0: DOUBLE (Flyball, 8RXD, EV 105.0 MPH)
|
Batting: RHB Jose Abreu
|
0-0: 2-RUN HOME RUN (Flyball, 78XD, EV 98.1 MPH), Distance : 456 ft
|
Batting: RHB Khris Davis
|
0-0: Swinging Strike 0-1: Foul Ball, location: 2F 0-2: Strikes out looking
|
Batting: RHB J.T. Realmuto
|
0-0: Swinging Strike 0-1: Foul Ball, location: 2F 0-2: Strikes out swinging
|
Batting: RHB Nick Madrigal
|
0-0: Called Strike 0-1: Foul Ball, location: 2F 0-2: Fly out, F4 (Popup, 4S, EV 68.1 MPH)
|
Bottom of the 8th over - 2 runs, 2 hits, 0 errors, 0 left on base; Cleveland 6 - Detroit 5 |
TOP OF THE 9TH |
Cleveland Indians batting - Pitching for Detroit Tigers : RHP Ray Black
|
Batting: RHB Mitch Garver
|
0-0: Called Strike 0-1: Foul Ball, location: 2F 0-2: Ball 1-2: Ball 2-2: Foul Ball, location: 2F 2-2: Foul Ball, location: 2F 2-2: Foul Ball, location: 2F 2-2: Ball 3-2: Foul Ball, location: 2F 3-2: Foul Ball, location: 2F 3-2: Foul Ball, location: 2F 3-2: Base on Balls
|
Batting: SHB Jose Ramirez
|
0-0: Called Strike 0-1: SINGLE (Flyball, 56D, EV 86.9 MPH) Mitch Garver to second
|
Batting: RHB Marcus Semien
|
0-0: Called Strike 0-1: Ball 1-1: Foul Ball, location: 2F 1-2: Ball 2-2: Foul Ball, location: 2F 2-2: Ball 3-2: Base on Balls Mitch Garver to third Jose Ramirez to second
|
Pitching: LHP Brad Wieck
|
|
Batting: LHB Christian Yelich
|
0-0: Called Strike 0-1: Ball 1-1: Ball 2-1: Foul Ball, location: 2F 2-2: Strikes out looking
|
Batting: LHB Rafael Devers
|
0-0: Called Strike 0-1: Swinging Strike 0-2: Ball 1-2: Ball 2-2: Strikes out swinging
|
Batting: RHB Josh Donaldson
|
0-0: Ball 1-0: Ball 2-0: Foul Ball, location: 2F 2-1: Foul Ball, location: 2F 2-2: Reached on error, E1 (Groundball, 15S, EV 66.9 MPH) Mitch Garver scores Jose Ramirez to third Marcus Semien to second
|
Batting: LHB Matt Carpenter
|
0-0: Ball Wild Pitch! Jose Ramirez scores Marcus Semien to third Josh Donaldson to second 1-0: Ball 2-0: Foul Ball, location: 2F 2-1: Ball 3-1: Base on Balls
|
Batting: RHB Kevin Pillar
|
0-0: Ball 1-0: Fly out, F7 (Flyball, 7D, EV 106.3 MPH)
|
Top of the 9th over - 2 runs, 1 hit, 1 error, 3 left on base; Cleveland 8 - Detroit 5 |
BOTTOM OF THE 9TH |
Detroit Tigers batting - Pitching for Cleveland Indians : RHP David Robertson
|
Pitching: RHP Tayron Guerrero
|
|
Batting: RHB Sheldon Neuse
|
0-0: Called Strike 0-1: Ball 1-1: Called Strike 1-2: Strikes out swinging
|
Batting: RHB Jean Segura
|
0-0: Called Strike 0-1: SINGLE (Line Drive, 89S, EV 101.3 MPH)
|
Batting: RHB Starling Marte
|
0-0: Called Strike 0-1: Ball 1-1: Ball 2-1: Ball 3-1: DOUBLE (Groundball, 5L, EV 101.9 MPH) Jean Segura to third
|
Batting: LHB Corey Dickerson
|
0-0: Called Strike 0-1: Ball 1-1: Ball 2-1: Ground out 6-3 (Groundball, 6, EV 108.1 MPH) Jean Segura scores
|
Batting: RHB George Springer
|
0-0: Ball 1-0: Called Strike 1-1: 2-RUN HOME RUN (Flyball, 78XD, EV 90.6 MPH), Distance : 435 ft
|
Pitching: RHP Vince Velasquez
|
|
Batting: RHB Jose Abreu
|
0-0: SINGLE (Line Drive, 9LS, EV 108.1 MPH)
|
Batting: RHB Khris Davis
|
0-0: Ball 1-0: Ball 2-0: Called Strike 2-1: Foul Ball, location: 2F 2-2: Fly out, F9 (Flyball, 9D, EV 106.9 MPH)
|
Bottom of the 9th over - 3 runs, 4 hits, 0 errors, 1 left on base; Cleveland 8 - Detroit 8 |
TOP OF THE 10TH |
Cleveland Indians batting - Pitching for Detroit Tigers : LHP Brad Wieck
|
Pitching: LHP Zack Britton
|
|
Pinch Hitting: RHB J.D. Martinez
|
0-0: Ball 1-0: Ball 2-0: Ball 3-0: Base on Balls
|
Batting: RHB Mitch Garver
|
0-0: Grounds into double play, 6-4-3 (Groundball, 6, EV 105.6 MPH)
|
Batting: SHB Jose Ramirez
|
0-0: Swinging Strike 0-1: Foul Ball, location: 2F 0-2: Ball 1-2: Foul Ball, location: 2F 1-2: Foul Ball, location: 2F 1-2: Ball 2-2: Foul Ball, location: 2F 2-2: Fly out, F4 (Popup, 23, EV 88.8 MPH)
|
Top of the 10th over - 0 runs, 0 hits, 0 errors, 0 left on base; Cleveland 8 - Detroit 8 |
BOTTOM OF THE 10TH |
Detroit Tigers batting - Pitching for Cleveland Indians : RHP Vince Velasquez
|
Now in RF: J.D. Martinez
|
|
Batting: RHB J.T. Realmuto
|
0-0: Ball 1-0: Foul Ball, location: 2F 1-1: Fly out, F8 (Flyball, 8RXD, EV 102.5 MPH)
|
Pinch Hitting: LHB Kolten Wong
|
0-0: Ball 1-0: Fly out, F8 (Line Drive, 8RD, EV 94.4 MPH)
|
Batting: RHB Sheldon Neuse
|
0-0: Called Strike 0-1: Ground out 5-3 (Groundball, 5, EV 110.6 MPH)
|
Bottom of the 10th over - 0 runs, 0 hits, 0 errors, 0 left on base; Cleveland 8 - Detroit 8 |
TOP OF THE 11TH |
Cleveland Indians batting - Pitching for Detroit Tigers : LHP Zack Britton
|
Pitching: LHP Will Smith
|
|
Now at 2B: Kolten Wong
|
|
Batting: RHB Marcus Semien
|
0-0: Ball 1-0: Foul Ball, location: 2F 1-1: Foul Ball, location: 2F 1-2: Foul Ball, location: 2F 1-2: Fly out, F8 (Flyball, 8LD, EV 85.6 MPH)
|
Batting: LHB Christian Yelich
|
0-0: Ball 1-0: Ball 2-0: Foul Ball, location: 2F 2-1: Foul Ball, location: 2F 2-2: Ball 3-2: Foul Ball, location: 2F 3-2: DOUBLE (Flyball, 8LXD, EV 108.1 MPH)
|
Batting: RHB Marcell Ozuna
|
0-0: Called Strike 0-1: Called Strike 0-2: Strikes out swinging
|
Batting: RHB Josh Donaldson
|
0-0: Intentional Walk
|
Pitching: LHP Tucker Davidson
|
|
Batting: LHB Matt Carpenter
|
0-0: Ball 1-0: Ball 2-0: Ball 3-0: Base on Balls Christian Yelich to third Josh Donaldson to second
|
Batting: RHB Kevin Pillar
|
0-0: Called Strike 0-1: SINGLE (Line Drive, 8RS, EV 91.9 MPH) Christian Yelich scores Josh Donaldson to third Matt Carpenter to second Runner from 3rd tries for Home, throw by CF and OUT! 8-2
|
Top of the 11th over - 1 run, 2 hits, 0 errors, 2 left on base; Cleveland 9 - Detroit 8 |
BOTTOM OF THE 11TH |
Detroit Tigers batting - Pitching for Cleveland Indians : RHP Vince Velasquez
|
Batting: RHB Jean Segura
|
0-0: Called Strike 0-1: Fly out, F7 (Line Drive, 7, EV 90.6 MPH)
|
Batting: RHB Starling Marte
|
0-0: Fly out, F8 (Flyball, 8LXD, EV 98.8 MPH)
|
Batting: LHB Corey Dickerson
|
0-0: Foul Ball, location: 2F 0-1: Ball 1-1: Called Strike 1-2: Strikes out looking
|
Bottom of the 11th over - 0 runs, 0 hits, 0 errors, 0 left on base; Cleveland 9 - Detroit 8 |
|